 Dungeon Crawl Stone Soup version 0.28-a0-1555-g9ae15a6949 (webtiles) character file.

Game seed: 10402962741773787862

0 Pin the Chopper (level 1, 19/19 HPs)
             Began as a Hill Orc Monk on Jan 19, 2022.
             Was a Believer of Elyvilon.
             Quit the game on level 1 of the Dungeon.
             The game lasted 00:00:23 (60 turns).

Pin the Chopper (Hill Orc Monk)                       Turns: 60, Time: 00:00:24

Health: 19/19      AC:  2    Str: 13    XL:     1   Next: 10%
Magic:  1/1        EV: 12    Int: 10    God:    Elyvilon [**....]
Gold:   8          SH:  0    Dex: 13    Spells: 0/0 levels left

rFire   . . .      SeeInvis .   a - +0 hand axe
rCold   . . .      Faith    .   (no shield)
rNeg    . . .      Spirit   .   b - +0 robe
rPois   .          Reflect  .   (no helmet)
rElec   .          Harm     .   (no cloak)
rCorr   .          Rampage  .   (no gloves)
Will    .....                   (no boots)
Stlth   ++........              (no amulet)
HPRegen 0.06/turn               (no ring)
MPRegen 0.07/turn               (no ring)

@: no status effects
A: no striking features
a: Renounce Religion, Purification, Heal Other


You were on level 1 of the Dungeon.
You worshipped Elyvilon.
Elyvilon was pleased with you.
You visited 1 branch of the dungeon, and saw 1 of its levels.

You collected 8 gold pieces.

Inventory:

Hand Weapons
 a - a +0 hand axe (weapon)
Armour
 b - a +0 robe (worn)


   Skills:
 - Level 3.6 Fighting
 - Level 4.0 Axes
 + Level 0.2 Armour
 - Level 2.4 Dodging
 - Level 1.5 Stealth


You couldn't memorise any spells.
You didn't know any spells.
Your spell library was empty.

Dungeon Overview and Level Annotations

Branches:
Dungeon (1/15)

Altars:
Elyvilon

Annotations:
D:1 1 runed translucent door


Message History

Welcome, Pin the Hill Orc Monk.
The magnificent Orb of Zot lies far below, as if waiting for you to find it.
Press ? for a list of commands and other information.
Found two stairs.
Found a runed translucent door.
The endoplasm quivers.
There is a fountain of clear blue water here.
You open the door.
There is an open door here.
You now have 8 gold pieces.
Found a whip.
Found a stone staircase leading down.
A ball python comes into view.
The helpless ball python fails to defend itself.
You slash the ball python!
You kill the ball python!
No target in view!
No target in view!
No target in view!
No target in view!
No target in view!
No target in view!
No target in view!
No target in view!
No target in view!
No target in view!
Found a faded altar of an unknown god.
No target in view!
There is a faded altar of an unknown god here.
You cannot tell which god this altar belongs to.
Convert to them anyway?
Elyvilon accepts your prayer! Elyvilon welcomes you!
You can now purify yourself.
You can now heal and attempt to pacify others.
Are you sure you want to abandon this character and quit the game? (Confirm with "yes".)

.............##.........
..####..##..........##..
. ##.#######.##..#...
...######..#......
#............#.....
#####..#.#......... #
#...........
###.#..8........
......8@8.#####.
.......8..#
.............
.........###..#
.........# .. .........#
# .........# ..###....#


There were no monsters in sight!

Vanquished Creatures
  A ball python (D:1)
1 creature vanquished.

Notes
Turn   | Place    | Note
-------+----------+-------------------------------------------
     0 | D:1      | Pin the Hill Orc Monk began the quest for the Orb.
     0 | D:1      | Reached XP level 1. HP: 19/19 MP: 1/1
     1 | D:1      | Found a runed translucent door.
    51 | D:1      | Found a faded altar of an unknown god.
    59 | D:1      | Prayed at the altar of an unknown god.
    59 | D:1      | Became a worshipper of Elyvilon the Healer
    59 | D:1      | Reached * piety under Elyvilon
    59 | D:1      | Reached ** piety under Elyvilon
    60 | D:1      | Quit the game

Illustrated notes

Levels and vault maps discovered:
D:1:      dpeg_arrival_caged_fury, layout_rooms,
          chequers_ecumenical_altar_simple, grunt_decor_clamped,
          hangedman_abyss_or_decor_stabs, minmay_tetromino_l4

Action                   || total
-------------------------++-------
Melee: Hand axe          ||     1
 Stab: Sleeping          ||     1

Table legend: (Time is in decaauts)
 A = Elapsed time spent in this place.
 B = Non-inter-level travel time spent in this place.
 C = Inter-level travel time spent in this place.
 D = Time resting spent in this place.
 E = Time spent auto-exploring this place.
 F = Levels seen in this place.
 G = Mean time per level.
                   A        B        C        D        E       F      G
               +--------+--------+--------+--------+--------+-----+--------+
         Total |     60 |     60 |      0 |      0 |     46 |   1 |   60.0 |
       Dungeon |     60 |     60 |      0 |      0 |     46 |   1 |   60.0 |
               +--------+--------+--------+--------+--------+-----+--------+

Top non-repeatable levels by time:
     D:1: 60 daAuts
